 Dungeon Crawl Stone Soup version 0.30-a0-867-g305f33218d (webtiles) character file.

Game seed: 5234829456243473958

86 bobarctor the Grave Robber (level 4, 0/24 HPs)
             Began as a Deep Elf Necromancer on Mar 10, 2023.
             Slain by Pargi (1 damage)
             ... in a sewer.
             The game lasted 00:10:52 (2191 turns).

bobarctor the Grave Robber (Deep Elf Necromancer)   Turns: 2191, Time: 00:10:54

Health: 0/24       AC:  3    Str:  5    XL:     4   Next: 27%
Magic:  3/11       EV: 12    Int: 22    God:
Gold:   112        SH:  0    Dex: 15    Spells: 9/10 levels left

rFire   . . .      SeeInvis .    m - +5 short sword "Worm" {freeze, rC+}
rCold   + . .      Faith    .    (no shield)
rNeg    . . .      Spirit   .    a - +0 robe
rPois   .          Reflect  .    (no helmet)
rElec   .          Rampage  .    (no cloak)
rCorr   .                        (no gloves)
Will    .....                    i - +0 pair of boots
Stlth   ++                       (no amulet)
HPRegen 0.24/turn                (no ring)
MPRegen 0.12/turn                (no ring)

@: no status effects
A: no striking features
a: no special abilities


You were in a sewer.
You visited 1 branch of the dungeon, and saw 3 of its levels.
You also visited: Sewer.

You collected 112 gold pieces.

Inventory:

Hand Weapons
 c - a +0 dagger
 m - the +5 short sword "Worm" (weapon) {freeze, rC+}
   (You took it off a kobold on level 2 of the Dungeon)

   rC:        It protects you from cold.
Missiles
 f - 18 stones
Armour
 a - a +0 robe (worn)
 i - a +0 pair of boots (worn)
Scrolls
 d - a scroll of teleportation
 h - a scroll of identify {unknown}
 k - 2 scrolls of magic mapping
 s - a scroll of fear {unknown}
Potions
 b - 3 potions of magic
 e - 2 potions of curing {unknown}
 g - a potion of mutation {unknown}
 j - a potion of cancellation {unknown}
 l - 2 potions of flight {unknown}
 n - a potion of might {unknown}
 o - a potion of attraction {unknown}
 p - a potion of invisibility {unknown}
 q - 3 potions of haste {unknown}
 r - a potion of brilliance {unknown}


   Skills:
 + Level 0.6 Fighting
 + Level 2.5 Dodging
 + Level 2.6 Stealth
 + Level 3.8 Spellcasting
 + Level 6.3 Necromancy


You had 9 spell levels left.
You knew the following spells:

 Your Spells              Type           Power      Damage    Failure   Level
a - Necrotise             Necr           100%       1d9       1%          1

Your spell library contained the following spells:

 Spells                   Type           Power      Damage    Failure   Level
 Vampiric Draining        Necr           32%        2d8       2%          3
 Animate Dead             Necr           32%        N/A       9%          4
 Agony                    Necr           32%        N/A       24%         5


Dungeon Overview and Level Annotations

Branches:
Dungeon (3/15)              Sewer (1/1)

Altars:

Annotations:
Sewer Pargi


Message History

Pargi is moderately wounded.
Pargi closely misses you. Pargi barely misses you. Pargi closely misses you.
You puncture Pargi! You freeze Pargi.
Pargi is heavily wounded.
Pargi bites you. Pargi claws you but does no damage. Pargi closely misses you.
You hit Pargi. You freeze Pargi.
Pargi is severely wounded.
Pargi bites you! Pargi barely misses you. Pargi misses you.
Casting: Necrotise (safe; 1% risk of failure)
Confirm with . or Enter, or press ? or * to list all spells.
Aiming: Necrotise (safe; 1% risk of failure)
Press: ? - help, Shift-Dir - straight line, f/p - Pargi
Aim: Pargi (heavily wounded, chance to affect: 88%) Pargi writhes in agony!
Pargi barely misses you. Pargi misses you. Pargi claws you.
Casting: Necrotise (safe; 1% risk of failure)
Confirm with . or Enter, or press ? or * to list all spells.
Aiming: Necrotise (safe; 1% risk of failure)
Press: ? - help, Shift-Dir - straight line, f/p - Pargi
Aim: Pargi (severely wounded, chance to affect: 88%) Pargi writhes in agony.
Pargi closely misses you. Pargi claws you. x2
* * * LOW HITPOINT WARNING * * *
Unknown command.
Casting: Necrotise (safe; 1% risk of failure)
Confirm with . or Enter, or press ? or * to list all spells.
Aiming: Necrotise (safe; 1% risk of failure)
Press: ? - help, Shift-Dir - straight line, f/p - Pargi
Aim: Pargi (severely wounded, chance to affect: 88%) Pargi writhes in agony.
Pargi barely misses you. Pargi claws you.
* * * LOW HITPOINT WARNING * * *
Pargi closely misses you.
Casting: Necrotise (safe; 1% risk of failure)
Confirm with . or Enter, or press ? or * to list all spells.
Aiming: Necrotise (safe; 1% risk of failure)
Press: ? - help, Shift-Dir - straight line, f/p - Pargi
Aim: Pargi (severely wounded, chance to affect: 88%) Pargi writhes in agony.
Pargi closely misses you. Pargi claws you.
* * * LOW HITPOINT WARNING * * *
Pargi claws you.
You die...

≈≈≈≈≈≈≈≈..##
≈≈≈≈≈≈≈≈.##
#≈≈≈≈≈≈≈~# #####
#≈≈≈≈≈≈≈~#######...#
#≈≈≈≈≈≈≈≈~.~..~..∩.#
≈≈≈≈≈≈≈≈~#######...#
#≈≈≈≈≈≈≈.# #####
#≈≈≈≈≈≈~##
#≈≈≈≈≈≈~@#
≈≈≈≈≈≈≈≈T##
#≈≈≈≈≈≈≈≈.#
#≈≈≈≈≈≈≈≈~#
≈≈≈≈≈≈≈≈≈≈.~T.#
≈≈≈≈≈≈≈≈≈≈≈≈≈~#
#≈≈≈≈≈≈≈≈≈≈≈≈≈~.#
##≈≈≈≈≈≈≈≈≈≈≈≈≈~
#≈≈≈≈≈≈≈≈≈≈≈≈≈≈


You could see Pargi.

Vanquished Creatures
  2 adders
  An orc (D:2)
  2 endoplasms
  2 giant cockroaches (D:1)
  5 goblins
  6 hobgoblins
  3 jackals (D:1)
  6 kobolds
  4 quokkas
  6 ball pythons
  4 bats
  4 frilled lizards
  A rat (D:1)
46 creatures vanquished.

Vanquished Creatures (collateral kills)
  An adder (D:2)
  A dart slug (D:2)
  A bat (D:2)
  A goblin (D:2)
4 creatures vanquished.

Grand Total: 50 creatures vanquished

Notes
Turn   | Place    | Note
-------+----------+-------------------------------------------
     0 | D:1      | bobarctor the Deep Elf Necromancer began the quest for the
                  | Orb.
     0 | D:1      | Reached XP level 1. HP: 10/10 MP: 6/6
   217 | D:1      | Reached skill level 5 in Necromancy
   424 | D:1      | Reached XP level 2. HP: 15/15 MP: 6/8
   906 | D:2      | Reached XP level 3. HP: 19/19 MP: 6/9
  1190 | D:2      | Reached skill level 6 in Necromancy
  1461 | D:2      | Reached XP level 4. HP: 24/24 MP: 4/11
  1463 | D:2      | Identified the +5 short sword "Worm" {freeze, rC+}
  2066 | D:3      | Found a glowing drain.
  2075 | Sewer    | Entered a sewer
  2174 | Sewer    | Noticed Pargi
  2191 | Sewer    | HP: 1/24 [Pargi (4)]
  2191 | Sewer    | Slain by Pargi

Illustrated notes

Levels and vault maps discovered:
D:1:      matt_arrival_spirals, layout_basic
D:2:      layout_basic, chequers_serial_rivers_large_a, minmay_small_reverse_x
D:3:      layout_basic, okawaru_gym_becter, nicolae_tso_carved_into_rock,
          fedhas_ov_isle_minmay, serial_shops, nicolae_shop_waterfront,
          portal_sewer_entry_d
Sewer:    sewer_co_pargi_island

Skill      XL: |  1  2  3 |
---------------+----------+-----
Necromancy     | 5 6 |  6.3
Fighting       | |  0.6
Dodging        | |  2.5
Stealth        | |  2.6
Spellcasting   | |  3.8

Action                     |  1- 3 |  4- 6 || total
---------------------------+-------+-------++-------
  Melee: Dagger            |     4 |       ||     4
         Short sword       |       |    13 ||    13
   Cast: Necrotise         |    62 |    19 ||    81
    Use: Scroll            |       |     2 ||     2
 Armour: Robe              |     3 |     7 ||    10
  Dodge: Dodged            |     9 |    23 ||    32

Table legend: (Time is in decaauts)
 A = Elapsed time spent in this place.
 B = Non-inter-level travel time spent in this place.
 C = Inter-level travel time spent in this place.
 D = Time resting spent in this place.
 E = Time spent auto-exploring this place.
 F = Levels seen in this place.
 G = Mean time per level.
                   A        B        C        D        E       F      G
               +--------+--------+--------+--------+--------+-----+--------+
         Total |   2218 |   2163 |     55 |    417 |   1334 |   4 |  554.5 |
       Dungeon |   2086 |   2031 |     55 |    410 |   1244 |   3 |  695.3 |
         Sewer |    132 |    132 |      0 |      7 |     89 |   1 |  132.0 |
               +--------+--------+--------+--------+--------+-----+--------+

Top non-repeatable levels by time:
     D:2: 1171 daAuts
     D:1: 862 daAuts
   Sewer: 132 daAuts
     D:3: 52 daAuts
